 Dungeon Crawl Stone Soup version 0.29-a0-817-g9904bce7a6 (webtiles) character file.

Game seed: 13738091207973847601

120739 Shayle the Fighter (level 16, -1/154 HPs)
             Began as a Naga Brigand on July 4, 2022.
             Was a Believer of Ashenzari.
             Succumbed to Aizul's poison arrow
             ... on level 3 of the Shoals on July 5, 2022.
             The game lasted 03:14:23 (35565 turns).

Shayle the Fighter (Naga Brigand)                  Turns: 35565, Time: 03:14:23

Health: -1/154     AC: 38    Str: 14    XL:     16   Next: 83%
Magic:  3/31       EV:  5    Int: 21    God:    Ashenzari [**....]
Gold:   1849       SH: 16    Dex: 14    Spells: 14/38 levels left

rFire   . . .      SeeInvis +   m - +4 hand axe (flame)
rCold   . . .      Faith    .   F - +0 kite shield
rNeg    . . .      Spirit   .   H - quicksilver dragon scales
rPois   +          Reflect  +   e - +2 helmet {Int+3}
rElec   .          Harm     .   c - +2 cloak of Ashenzari's Sun {Fort, Self} (curse)
rCorr   .          Rampage  .   S - +2 pair of gloves "Restrained Together" {Bglg, Alch} (curse)
Will    +....                   A - +3 barding
Stlth   ++........              y - amulet of the Eternal Servitude {Reflect SH+5, Comp, Elem} (curse)
HPRegen 0.35/turn               M - ring of flight
MPRegen 0.22/turn               B - +4 ring of protection

@: lethally poisoned (-1 -> -38), weak-willed, flying, very slow
A: AC +5, large, see invisible, deformed body, poison resistance, slowness 2,
spit poison 1, naga tail 2
a: Spit Poison, Renounce Religion, Curse Item, Shatter the Chains


You were on level 3 of the Shoals.
You worshipped Ashenzari.
Ashenzari was pleased with you.
You visited 5 branches of the dungeon, and saw 26 of its levels.
You also visited: Sewer, Bailey and Gauntlet.

You collected 2793 gold pieces.
You spent 944 gold pieces at shops.

Inventory:

Hand Weapons
 m - a +4 hand axe of flaming (weapon)
 u - a +8 rapier of flaming
Missiles
 f - 3 throwing nets
 g - 8 curare-tipped darts (quivered)
 R - 8 poisoned darts
 W - 14 silver javelins
Armour
 c - the cursed +2 cloak of Ashenzari's Sun (worn) {Fort, Self}

   It has a curse which improves the following skills: Fortitude: Armour and
   Shields.
   Introspection: Fighting and Spellcasting.
 e - a +2 helmet of intelligence (worn)
 A - a +3 barding (worn)
 F - a +0 kite shield (worn)
 H - quicksilver dragon scales (worn)
 S - the cursed +2 pair of gloves "Restrained Together" (worn) {Bglg, Alch}
   (You found it on level 1 of the Lair of Beasts)

   It has a curse which improves the following skills: Beguiling: Conjurations,
   Hexes and Translocations.
   Alchemy:   Poison Magic and Transmutations.
Jewellery
 y - the cursed amulet of the Eternal Servitude (around neck) {Reflect SH+5, Comp, Elem}
   (You found it on level 6 of the Lair of Beasts)

   [amulet of reflection]

   It reflects blocked missile attacks.
   SH:        It affects your SH (+5).
   It has a curse which improves the following skills: Companions: Summonings
   and Necromancy.
   Elements:  Fire Magic, Ice Magic, Air Magic and Earth Magic.
 B - a +4 ring of protection (right hand)
 I - a +4 ring of slaying
 M - a ring of flight (left hand)
Wands
 i - a wand of charming (16)
 o - a wand of iceblast (14)
 p - a wand of digging (12)
 N - a wand of mindburst (19)
 O - a wand of quicksilver (8)
 X - a wand of flame (23)
Scrolls
 b - a scroll of blinking
 d - 2 scrolls of magic mapping
 h - 5 scrolls of immolation
 j - a scroll of torment
 r - a scroll of enchant weapon
 w - 3 scrolls of fog
 x - 2 scrolls of summoning
 J - 8 scrolls of teleportation
 P - 5 scrolls of vulnerability
 U - 2 scrolls of fear
 V - 2 scrolls of silence
Potions
 k - 5 potions of might
 l - 6 potions of lignification
 n - 3 potions of cancellation
 q - 11 potions of curing
 s - 3 potions of magic
 t - 5 potions of brilliance
 z - 6 potions of mutation
 C - 5 potions of invisibility
 D - 5 potions of resistance
 E - 3 potions of haste
 K - 2 potions of berserk rage
 T - 2 potions of heal wounds
 Y - 2 potions of ambrosia
Miscellaneous
 a - a phantom mirror
 L - a condenser vane


   Skills:
 - Level 11.4(12.6) Fighting
 - Level 2.0 Short Blades
 - Level 1.7 Throwing
 + Level 10.0(11.3) Armour
 - Level 0.7 Dodging
 - Level 5.8 Stealth
 - Level 9.2(10.5) Shields
 - Level 10.3(11.5) Spellcasting
 - Level 7.6(8.9) Conjurations
 + Level 7.0(8.2) Necromancy
 + Level 10.2(11.4) Transmutations
 - Level 7.0(8.3) Ice Magic
 - Level 8.1(9.4) Air Magic
 + Level 6.8(8.0) Earth Magic
 - Level 10.5(11.7) Poison Magic


You had 14 spell levels left.
You knew the following spells:

 Your Spells              Type           Power      Damage    Failure   Level
a - Freeze                Ice            100%       1d11      1%          1
b - Frozen Ramparts       Ice            92%        1d11      1%          3
c - Hailstorm             Conj/Ice       48%        3d11      4%          4
d - Mephitic Cloud        Conj/Pois/Air  53%        N/A       1%          3
e - Ignite Poison         Fire/Tmut/Pois 44%        N/A       2%          3
f - Freezing Cloud        Conj/Ice/Air   24%        6-21      13%         5
g - Borgnjor's Vile Clut  Necr/Erth      23%        N/A       17%         5

Your spell library contained the following spells:

 Spells                   Type           Power      Damage    Failure   Level
 Magic Dart               Conj           100%       1d8       1%          1
 Necrotise                Necr           100%       1d9       1%          1
 Vampiric Draining        Necr           46%        2d9       1%          3
 Foxfire                  Conj/Fire      100%       2x1d9     2%          1
 Airstrike                Air            25%        0-9+      3%          4
 Petrify                  Tmut/Erth      52%        N/A       3%          4
 Conjure Flame            Conj/Fire      31%        6-21      9%          3
 Lightning Bolt           Conj/Air       25%        1d41      11%         5
 Iskenderun's Battlesphe  Conj           49%        2d10      13%         5
 Agony                    Necr           46%        N/A       16%         5
 Apportation              Tloc           24%        N/A       17%         1
 Summon Lightning Spire   Summ/Air       32%        N/A       24%         4
 Blink                    Tloc           24%        N/A       26%         2
 Call Imp                 Summ           12%        N/A       26%         2
 Flame Wave               Conj/Fire      31%        2d8       26%         4
 Sticky Flame             Conj/Fire      31%        2d5       26%         4
 Statue Form              Tmut/Erth      34%        N/A       43%         6
 Gell's Gravitas          Tloc           12%        N/A       45%         3
 Inner Flame              Hex/Fire       12%        N/A       45%         3
 Lesser Beckoning         Tloc           12%        N/A       45%         3
 Teleport Other           Tloc           12%        N/A       45%         3
 Iron Shot                Conj/Erth      23%        9d5       63%         6
 Metabolic Englaciation   Hex/Ice        14%        N/A       65%         5
 Dragon Form              Tmut           28%        N/A       80%         7
 Cause Fear               Hex            6%         N/A       86%         4
 Dispersal                Tloc           6%         N/A       100%        6
 Malign Gateway           Summ/Tloc      6%         N/A       100%        7
 Spellforged Servitor     Conj/Summ      15%        N/A       100%        7
 Disjunction              Tloc           6%         N/A       100%        8
 Dragon's Call            Summ           6%         N/A       100%        9
 Fire Storm               Conj/Fire      15%        8d4       100%        9


Dungeon Overview and Level Annotations

Branches:
Dungeon (14/15)            Temple (1/1) D:5            Lair (6/6) D:9
 Shoals (3/4) Lair:3        Snake (0/4) Lair:4        Slime (0/5) Lair:5
    Orc (2/2) D:9             Elf (0/3) Orc:2         Sewer (visited)
 Bailey (visited)         Gauntlet (visited)
 Vaults: D:13-14

Altars:
Ashenzari
Cheibriados
Dithmenos
Elyvilon
Fedhas
Gozag
Hepliaklqana
Kikubaaqudgha
Makhleb
Nemelex Xobeh
Okawaru
Qazlal
Ru
Sif Muna
Trog
Uskayaw
Vehumet
Wu Jian
Xom
Yredelemnul
Zin
The Shining One

Shops:
D:6 *   D:10 :   Orc:2 ==**

Portals:
Trove: D:12 (give 4 scrolls of fear)

Annotations:
D:8 Grum
D:9 1 runed translucent door, jejorda2's ghost, journeyman GnBe
Shoals:3 Aizul
Orc:2 3 runed translucent doors, buhh's ghost, journeyman OpTm


Innate Abilities, Weirdness & Mutations

Your serpentine skin is tough. (AC +5)
You have supernaturally acute eyesight. (SInv)
Armour fits poorly on your strangely shaped body.
Your system is resistant to poisons. (rPois)
You cover ground very slowly.
You can spit poison.
You can use your snake-like lower body to constrict enemies.


Message History

You feel very sick.
Aizul coils herself and waves her upper body at you.
The bolt of poison hits you! You resist. Aizul completely misses you.
Unknown command.
You hit Aizul but do no damage.
Aizul is severely wounded.
The zombie hands constrict Aizul!!
You feel very sick.
Aizul yawns, and then pretends she didn't.
You block Aizul's attack. Aizul hits you but does no damage.
Unknown command.
You hit Aizul but do no damage.
Aizul is almost dead.
The zombie hands constrict Aizul.
You feel very sick.
The zombie hands release their grip on Aizul.
Aizul casts a spell at you.
You fall asleep.
Aizul hits you!!!
You wake up.
* * * LOW HITPOINT WARNING * * *
Aiming: Quicksilver Bolt
Press: ? - help, Shift-Dir - straight line, f - Aizul
Aim: Aizul (almost dead, 43% to hit)
The bolt of dispelling energy hits Aizul.
Aizul is almost dead.
You feel sick.
Aizul coils herself and waves her upper body at you.
The bolt of poison hits you but does no damage.
You are more poisoned.
You resist. Aizul casts a spell at you. The poison arrow hits you!!
You are lethally poisoned!
You partially resist.
* * * LOW HITPOINT WARNING * * *
Aiming: Quicksilver Bolt
Press: ? - help, Shift-Dir - straight line, f/p - Aizul
Aim: Aizul (almost dead, 43% to hit)
The bolt of dispelling energy misses Aizul.
You die...

.....≈..≈≈^≈≈ ≈≈
≈ °§..≈○§☼≈≈≈ ,
*))§≈§☼≈≈≈≈
#☼≈≈§§§≈ ≈ ≈≈ ≈
, #.§≈°≈☼# ≈≈ ,
≈ #≈≈≈§§###..≈ *
#.)☼○○...... ≈ ≈
,####...S○§..>..
≈ ≈
,........@.###..
>.........# * ,
≈ ≈ ...≈.....##
* * ≈≈≈≈....###
, , , ≈ ≈≈≈≈≈..
,, , ≈≈≈≈≈.. *
,, ≈ ≈≈ ≈≈≈≈≈≈.
, ,, ≈ ≈≈≈≈≈ >,
≈ ≈ ≈


You could see Aizul.

Vanquished Creatures
  2 krakens
  An orc warlord (Bailey)
  A frost giant (Shoals:1)
  A minotaur (Gauntlet)
  Josephine (D:10)
  2 merfolk impalers
  2 boulder beetles
  7 hydras
  4 centaur warriors
  2 catoblepae
  A merfolk avatar (Shoals:2)
  A death knight (D:14)
  3 two-headed ogres
  A satyr (Shoals:3)
  Urug (Lair:4)
  Nergalle (D:10)
  2 fire crabs (Gauntlet)
  A sixfirhy (Gauntlet)
  6 sea snakes
  11 harpies
  Pikel (D:7)
  3 orc knights (Orc:2)
  2 deep elf pyromancers
  An orc sorcerer (Orc:2)
  9 manticores
  10 cyclopes
  15 ugly things
  17 fauns
  12 elephants
  3 merfolk sirens
  Maurice (D:8)
  3 black mambas
  An eye of devastation (Lair:5)
  A gargoyle (D:11)
  A torpor snail (Lair:4)
  11 cane toads
  A water nymph (Shoals:2)
  Maggie (D:6)
  An unseen horror (D:11)
  Psyche (D:8)
  15 komodo dragons
  A rime drake (Lair:4)
  A komodo dragon (shapeshifter) (D:14)
  4 polar bears
  12 merfolk
  A troll (D:9)
  A wind drake (Shoals:2)
  Prince Ribbit (D:5)
  17 slime creatures
  3 hornets (Lair:6)
  Grinder (D:5)
  14 blink frogs
  9 snapping turtles
  17 dream sheep
  15 spriggans (Lair:6)
  8 wraiths
  7 wyverns
  A shadow (D:10)
  4 basilisks
  8 fire bats (Gauntlet)
  4 water elementals
  47 yaks
  5 steam dragons
  8 vampire mosquitoes
  6 wargs
  5 acid dragons
  A floating eye (Lair:5)
  12 water moccasins
  44 orc warriors
  7 black bears
  2 hell hounds (Gauntlet)
  A sky beast (D:8)
  2 ice beasts
  5 ogres
  28 wolves
  24 centaurs
  3 boggarts (Lair:6)
  2 kobold brigands (Sewer)
  A phantom (D:4)
  2 lemures (D:6)
  A necrophage (D:5)
  A gnoll sergeant (D:6)
  10 bullfrogs
  4 scorpions
  3 wights (D:9)
  11 killer bees
  An electric eel (Lair:6)
  5 howler monkeys
  15 orc priests
  An iron imp (D:8)
  2 hounds
  An iguana (D:5)
  Terence (D:3)
  16 orc wizards
  Ijyb (D:5)
  A hell rat (Lair:3)
  6 gnolls
  11 adders
  6 river rats (Sewer)
  3 shadow imps
  A white imp (D:7)
  4 ufetubi (Gauntlet)
  4 dart slugs
  103 orcs
  4 endoplasms
  2 giant cockroaches
  19 goblins
  12 hobgoblins
  7 jackals (D:4)
  2 quokkas
  17 ball pythons
  3 bats
  A frilled lizard (D:1)
  20 kobolds
  19 rats
  A butterfly (Lair:2)
  4 tentacles
818 creatures vanquished.

Vanquished Creatures (collateral kills)
  A hornet (Lair:6)
  2 vampire mosquitoes (D:6)
  A necrophage (D:6)
  2 goblins (Bailey)
  A hobgoblin (Bailey)
7 creatures vanquished.

Vanquished Creatures (others)
  A manticore (Shoals:1)
  3 orc warriors (Bailey)
  A bullfrog (D:8)
  A bush (Lair:6)
  42 fungi
  148 plants
  23 tentacles
219 creatures vanquished.

Grand Total: 1044 creatures vanquished

Notes
Turn   | Place    | Note
-------+----------+-------------------------------------------
     0 | D:1      | Shayle the Naga Brigand began the quest for the Orb.
     0 | D:1      | Reached XP level 1. HP: 19/19 MP: 1/1
    36 | D:1      | Found a faded altar of an unknown god.
   566 | D:1      | Reached XP level 2. HP: 27/27 MP: 3/3
   607 | D:1      | Learned a level 1 spell: Freeze
   762 | D:1      | Reached skill level 1 in Spellcasting
   917 | D:2      | Reached skill level 1 in Ice Magic
   917 | D:2      | Reached XP level 3. HP: 33/33 MP: 4/4
  1547 | D:3      | Reached XP level 4. HP: 39/40 MP: 6/6
  1568 | D:3      | Reached skill level 3 in Fighting
  1824 | D:3      | Noticed Terence
  1829 | D:3      | Killed Terence
  1830 | D:3      | Reached XP level 5. HP: 49/49 MP: 8/8
  1934 | D:3      | Learned a level 3 spell: Frozen Ramparts
  2320 | D:4      | Noticed a phantom
  2511 | D:4      | Reached skill level 4 in Fighting
  2511 | D:4      | Reached XP level 6. HP: 54/57 MP: 6/10
  3265 | D:5      | Entered Level 5 of the Dungeon
  3271 | D:5      | Found a glowing drain.
  3288 | Sewer    | Entered a sewer
  3738 | Sewer    | Reached XP level 7. HP: 61/66 MP: 8/12
  4434 | D:5      | Reached skill level 5 in Fighting
  4516 | D:5      | Noticed Ijyb
  4524 | D:5      | Killed Ijyb
  4548 | D:5      | Found a staircase to the Ecumenical Temple.
  4654 | Temple   | Entered the Ecumenical Temple
  4693 | Temple   | Became a worshipper of Ashenzari the Shackled
  4724 | D:5      | Noticed Prince Ribbit
  4739 | D:5      | Killed Prince Ribbit
  4740 | D:5      | Reached skill level 5 in Ice Magic
  4740 | D:5      | Reached XP level 8. HP: 62/76 MP: 3/15
  4947 | D:5      | Found a glowing golden altar of the Shining One.
  5071 | D:5      | Noticed Grinder
  5203 | D:5      | Killed Grinder
  5204 | D:5      | Reached skill level 6 in Fighting
  5204 | D:5      | Reached skill level 5 in Spellcasting
  5479 | D:6      | Noticed Maggie
  5491 | D:6      | Killed Maggie
  5833 | D:6      | Reached XP level 9. HP: 85/85 MP: 17/17
  5941 | D:6      | Reached skill level 7 in Fighting
  6427 | D:6      | Found Cerch's Assorted Antiques.
  6454 | D:6      | Found a faded altar of an unknown god.
  6456 | D:6      | Found a hazy altar of Hepliaklqana.
  6754 | D:7      | Found a flagged portal.
  6767 | Bailey   | Entered a bailey
  7035 | Bailey   | Learned a level 4 spell: Hailstorm
  7092 | Bailey   | Reached skill level 1 in Conjurations
  7147 | Bailey   | Reached skill level 1 in Shields
  7385 | Bailey   | Reached skill level 8 in Fighting
  7579 | Bailey   | Noticed an orc warlord
  7584 | Bailey   | Reached XP level 10. HP: 96/96 MP: 16/20
  7590 | Bailey   | Killed an orc warlord
  7636 | Bailey   | Identified the +7 great sword of the Median {freeze,
                  | Stlth+}
  7894 | D:6      | Bought a bubbling pink potion for 23 gold pieces
  7895 | D:6      | Found an iron altar of Okawaru.
  8454 | D:7      | Noticed Pikel
  8699 | D:7      | Killed Pikel
  9244 | D:8      | Noticed Grum
  9262 | D:7      | Reached skill level 9 in Fighting
  9727 | D:8      | Reached skill level 1 in Armour
  9750 | D:8      | Noticed Maurice
  9764 | D:8      | Noticed a two-headed ogre
 10107 | D:7      | Reached XP level 11. HP: 106/106 MP: 23/23
 10112 | D:7      | Learned a level 3 spell: Mephitic Cloud
 10160 | D:8      | Noticed Psyche
 10172 | D:8      | Killed Psyche
 10185 | D:8      | Killed Maurice
 10186 | D:8      | Reached skill level 1 in Poison Magic
 10201 | D:8      | Found a snail-covered altar of Cheibriados.
 10296 | D:8      | Killed a two-headed ogre
 10297 | D:8      | Reached skill level 1 in Air Magic
 10297 | D:8      | Reached XP level 12. HP: 98/115 MP: 17/24
 10793 | D:9      | Found a staircase to the Orcish Mines.
 11171 | D:9      | Found a staircase to the Lair.
 11175 | D:9      | Got the Spellbook of the Tesseract
 11195 | Lair:1   | Entered Level 1 of the Lair of Beasts
 11300 | Lair:1   | Got the Grimoire of Attacks
 11305 | Lair:1   | Learned a level 3 spell: Ignite Poison
 11364 | Lair:1   | Reached skill level 5 in Armour
 11422 | Lair:1   | Reached * piety under Ashenzari
 11610 | Lair:1   | Reached skill level 1 in Transmutations
 12690 | Lair:2   | Found a stormy altar of Qazlal.
 13650 | Lair:3   | Reached skill level 5 in Poison Magic
 13943 | Lair:3   | Reached skill level 10 in Fighting
 13970 | Lair:3   | Gained mutation: You can use your snake-like lower body to
                  | constrict enemies. [Naga growth]
 13970 | Lair:3   | Reached XP level 13. HP: 123/126 MP: 22/26
 15085 | Lair:3   | Found a staircase to the Shoals.
 15224 | Lair:3   | Reached skill level 5 in Air Magic
 15498 | Lair:4   | Found a staircase to the Snake Pit.
 15512 | Lair:4   | Found a gate leading to a gauntlet.
 15530 | Gauntlet | Entered a Gauntlet
 15530 | Gauntlet | Found a transporter.
 15530 | Gauntlet | Found a transporter.
 15552 | Gauntlet | Found a transporter.
 15554 | Gauntlet | Found a transporter.
 15562 | Gauntlet | Found a transporter.
 15566 | Gauntlet | Found a transporter.
 15580 | Gauntlet | Found a transporter.
 15581 | Gauntlet | Identified the +3 hat of Defiance {rCorr Str+3 Int-4}
 15587 | Gauntlet | Identified the +1 leather armour "Juola" {Int+2 SInv}
 15599 | Gauntlet | Found a transporter.
 15629 | Gauntlet | Found a transporter.
 15629 | Gauntlet | Found a transporter.
 15674 | Gauntlet | Found a transporter.
 15674 | Gauntlet | Found a transporter.
 15979 | Gauntlet | Noticed a minotaur
 15987 | Gauntlet | Identified the Omnibus of Stolen Souls and the Excursion
 15988 | Gauntlet | Identified the Commentary on the Tesseract
 15990 | Gauntlet | Killed a minotaur
 16308 | Lair:4   | Noticed Urug
 16342 | Lair:4   | Killed Urug
 17154 | Lair:5   | Reached XP level 14. HP: 104/135 MP: 16/28
 17156 | Lair:5   | Reached skill level 5 in Transmutations
 17655 | Lair:5   | Found a staircase to the Slime Pits.
 17655 | Lair:5   | Paralysed by a floating eye for 3 turns
 17659 | Lair:5   | Paralysed by a floating eye for 4 turns
 18372 | Lair:6   | Entered Level 6 of the Lair of Beasts
 18372 | Lair:6   | Identified a scroll of acquirement
 18385 | Lair:6   | Reached skill level 11 in Fighting
 18496 | Lair:6   | Acquired a book of Sloth
 19195 | Lair:6   | Reached skill level 10 in Spellcasting
 19768 | Lair:5   | Learned a level 5 spell: Freezing Cloud
 21229 | Orc:1    | Entered Level 1 of the Orcish Mines
 21367 | Orc:2    | Entered Level 2 of the Orcish Mines
 21421 | Orc:2    | Found a staircase to the Elven Halls.
 22160 | Orc:2    | Reached XP level 15. HP: 125/145 MP: 23/30
 22288 | Orc:2    | Found Aneat's General Store.
 22288 | Orc:2    | Found Qifidij's Jewellery Emporium.
 22290 | Orc:2    | Found Jokhas's Jewellery Shoppe.
 22292 | Orc:2    | Found Xurusior's Assorted Antiques.
 22315 | Orc:2    | Bought a scroll of teleportation for 51 gold pieces
 22315 | Orc:2    | Bought a scroll of fog for 34 gold pieces
 22319 | Orc:2    | Bought a potion of might for 124 gold pieces
 22319 | Orc:2    | Bought a potion of cancellation for 248 gold pieces
 22319 | Orc:2    | Bought a scroll of blinking for 232 gold pieces
 22319 | Orc:2    | Bought a scroll of enchant weapon for 232 gold pieces
 23331 | Orc:2    | Found a runed translucent gate.
 23331 | Orc:2    | Found a runed translucent gate.
 23331 | Orc:2    | Found a runed translucent gate.
 23331 | Orc:2    | Found the +4 robe of Augmentation {Str+4 Int+4 Dex+4}
 23332 | Orc:2    | Found an iron altar of Okawaru.
 23332 | Orc:2    | Noticed buhh's ghost (journeyman OpTm)
 23333 | Orc:2    | Identified the +1 leather armour of Impatience {Int+4}
 23565 | D:9      | Reached skill level 10 in Poison Magic
 23627 | D:9      | Found a runed translucent door.
 23629 | D:9      | Noticed jejorda2's ghost (journeyman GnBe)
 23725 | D:9      | Found a blossoming altar of Fedhas.
 23734 | D:9      | Found a shimmering blue altar of Sif Muna.
 24042 | D:10     | Entered Level 10 of the Dungeon
 24060 | D:10     | Noticed Nergalle
 24073 | D:10     | Killed Nergalle
 24379 | D:10     | Found Xeawit's Book Emporium.
 24413 | D:10     | Found a bloodstained altar of Trog.
 24568 | D:10     | Reached ** piety under Ashenzari
 24853 | D:10     | Noticed Josephine
 24939 | D:10     | Killed Josephine
 25345 | D:11     | Reached skill level 1 in Necromancy
 25488 | D:11     | Found a hide-covered altar of Uskayaw.
 25490 | D:11     | Found a glowing golden altar of the Shining One.
 25490 | D:11     | Found a snail-covered altar of Cheibriados.
 25492 | D:11     | Found a shimmering altar of Xom.
 25492 | D:11     | Found a stormy altar of Qazlal.
 25492 | D:11     | Found a broken altar of Ashenzari.
 26313 | D:12     | Found a portal to a secret trove of treasure.
 26982 | D:12     | Reached skill level 1 in Earth Magic
 28424 | D:13     | Upgraded the game from 0.29-a0-813-g4a14ea37d6 to
                  | 0.29-a0-817-g9904bce7a6
 29711 | Shoals:1 | Entered Level 1 of the Shoals
 29856 | Shoals:1 | Reached XP level 16. HP: 103/154 MP: 8/31
 30832 | Shoals:1 | Reached skill level 5 in Necromancy
 31202 | Shoals:1 | Reached skill level 5 in Earth Magic
 31817 | Shoals:1 | Learned a level 5 spell: Borgnjor's Vile Clutch
 32751 | Shoals:1 | Noticed a kraken
 32891 | Shoals:1 | Killed a kraken
 33415 | Shoals:2 | Noticed a kraken
 34477 | Shoals:2 | Killed a kraken
 34478 | Shoals:2 | Reached skill level 10 in Transmutations
 34952 | Shoals:2 | Reached skill level 10 in Armour
 35551 | Shoals:3 | Noticed Aizul
 35564 | Shoals:3 | HP: 7/154 [Aizul/poison arrow (26)]
 35565 | Shoals:3 | Succumbed to Aizul's poison arrow

Illustrated notes

Levels and vault maps discovered:
D:1:      roderic_octagonal_star, layout_basic,
          hellmonk_ecumenical_altar_blasted, dk_noncrumbling_2,
          minmay_misc_feat_ornament, chequers_jeans
D:2:      layout_basic
D:3:      layout_basic, uniq_terence
D:4:      layout_loops_corners, serial_park_tiny_2
D:5:      layout_basic, kennysheep_mini_moat, minmay_temple_entry_mist,
          gup_sewer_entry_glass, uniq_grinder, uniq_ijyb, uniq_prince_ribbit1
D:6:      layout_cave_pools, beargit_hepliaklqana_dungeon_heroes,
          okawaru_gym_becter, serial_shops, nicolae_shop_trees, uniq_maggie
D:7:      layout_rooms, enter_bailey_5, hellmonk_bongcloud_opening, hex_tiny,
          uniq_pikel
D:8:      layout_rooms, slow_altar_1, uniq_maurice, uniq_psyche, uniq_grum
D:9:      layout_small_grid, mainiacjoe_overflow_big_doors, dpeg_oklobed_lair,
          hiddenorc2_lemuel, ebering_ghost_inner_flame
D:10:     layout_irregular_city, overflow_temple_1_default, serial_shops,
          nicolae_lakefront_shop, uniq_josephine, uniq_nergalle
D:11:     layout_roguey, doesnt_xom_only_xom
D:12:     layout_layer_cave, nicolae_trove_entry_free_sample
D:13:     layout_cave_pools
D:14:     layout_roguey, grunt_vaults_entry_tiered, nicolae_figureground_pulse,
          uniq_louise
Temple:   hellmonk_temple_two_chambers
Lair:1:   layout_regular_city
Lair:2:   layout_regular_city, basic_altar, grunt_megastairs_4,
          lemuel_fruit_fields
Lair:3:   layout_concentric_octagons, elwin_shoals_entry_stream,
          minmay_shattered_shrine
Lair:4:   layout_loops_ring, dummy_snake_entry, gauntlet_entry_generic,
          uniq_urug
Lair:5:   layout_regular_city, minmay_slime_entry_eyes,
          dreamdust_deal_with_the_devil, beast_lair_carwin_11,
          serial_bayou_shore_b
Lair:6:   minmay_lair_end_enchanted_forest, layout_hall_layers,
          serial_bayou_lagoon_a
Shoals:1: layout_shoals, st_cyclops
Shoals:2: layout_shoals
Shoals:3: layout_shoals, uniq_ilsuiw, uniq_bai_suzhen, uniq_aizul
Orc:1:    layout_caves, serial_shops, shop
Orc:2:    st_orc_rangers, layout_diamond_mine, basic_altar,
          gammafunk_ghost_fury_of_okawaru, minmay_orc_temple_b

Skill      XL: |  1  2  3  4  5  6  7  8  9 10 11 12 13 14 15 16 |
---------------+-------------------------------------------------+-----
Spellcasting   | 1 2 3 4 5 7 8 9 10 | 10.3
Ice Magic      | 1 2 3 5 6 7 |  7.0
Fighting       | 3 4 5 6 8 9 10 11 | 11.4
Conjurations   | 2 7 |  7.6
Shields        | 2 6 7 8 9 |  9.2
Armour         | 4 5 6 7 9 10 | 10.0
Poison Magic   | 1 5 7 9 10 | 10.5
Air Magic      | 1 3 5 7 8 |  8.1
Transmutations | 2 4 6 8 10 | 10.2
Necromancy     | 4 7 |  7.0
Earth Magic    | 4 6 |  6.8
Short Blades   | |  2.0
Throwing       | |  1.7
Dodging        | |  0.7
Stealth        | |  5.8

Action                   |  1- 3 |  4- 6 |  7- 9 | 10-12 | 13-15 | 16-18 || total
-------------------------+-------+-------+-------+-------+-------+-------++-------
Melee: Dagger            |    52 |       |       |       |       |       ||    52
       Rapier            |     4 |    89 |   159 |   259 |    42 |       ||   553
       Punch             |     1 |       |     3 |       |       |       ||     4
       Hand axe          |       |       |    83 |    43 |   694 |   160 ||   980
       Morningstar       |       |       |     7 |    16 |       |       ||    23
       Great sword       |       |       |       |    38 |       |       ||    38
       Constrict         |       |       |       |       |   172 |    47 ||   219
Throw: Dart              |     4 |     4 |    10 |    18 |     4 |       ||    40
 Cast: Frozen Ramparts   |       |     4 |    35 |    60 |   111 |    12 ||   222
       Freeze            |       |       |     4 |       |       |       ||     4
       Hailstorm         |       |       |       |     5 |     7 |       ||    12
       Mephitic Cloud    |       |       |       |     7 |   102 |    40 ||   149
       Ignite Poison     |       |       |       |       |    52 |    16 ||    68
       Freezing Cloud    |       |       |       |       |    48 |    47 ||    95
       Borgnjor's Vile C |       |       |       |       |       |     2 ||     2
Invok: Curse Item        |       |       |       |     2 |     1 |       ||     3
 Abil: Spit Poison       |     8 |    13 |    11 |    15 |    23 |     7 ||    77
Evoke: Wand              |       |       |    11 |       |     6 |     5 ||    22
       Phantom mirror    |       |       |       |       |     1 |       ||     1
  Use: Scroll            |     2 |       |    13 |     8 |     9 |     3 ||    35
       Potion            |       |       |     5 |     4 |       |       ||     9
 Stab: Sleeping          |     9 |     8 |     6 |     4 |     2 |       ||    29
       Distracted        |       |       |     1 |       |     1 |       ||     2
       Confused          |       |       |       |     3 |    29 |    10 ||    42
Armor: Robe              |     7 |    45 |    78 |       |       |       ||   130
       Steam dragon scal |       |       |   123 |   258 |    86 |       ||   467
       Ring mail         |       |       |       |       |    38 |       ||    38
       Quicksilver drago |       |       |       |       |   514 |   295 ||   809
Dodge: Dodged            |    20 |    34 |   120 |   154 |   176 |    64 ||   568
Block: Kite shield       |       |       |    40 |   204 |   751 |   272 ||  1267
       Reflection        |       |       |       |       |    80 |    27 ||   107

Table legend: (Time is in decaauts)
 A = Elapsed time spent in this place.
 B = Non-inter-level travel time spent in this place.
 C = Inter-level travel time spent in this place.
 D = Time resting spent in this place.
 E = Time spent auto-exploring this place.
 F = Levels seen in this place.
 G = Mean time per level.
                   A        B        C        D        E       F      G
               +--------+--------+--------+--------+--------+-----+--------+
         Total |  43217 |  40644 |   2573 |  12266 |  16639 |  29 | 1490.2 |
       Dungeon |  19070 |  17856 |   1214 |   4302 |   8918 |  14 | 1362.1 |
        Temple |     58 |     46 |     12 |      0 |     36 |   1 |   58.0 |
          Lair |  12800 |  11653 |   1147 |   3596 |   4698 |   6 | 2133.3 |
        Shoals |   5617 |   5473 |    144 |   2422 |   1797 |   3 | 1872.3 |
  Orcish Mines |   2664 |   2609 |     55 |    748 |    708 |   2 | 1332.0 |
         Sewer |   1305 |   1305 |      0 |    472 |    346 |   1 | 1305.0 |
        Bailey |   1069 |   1069 |      0 |    601 |     85 |   1 | 1069.0 |
      Gauntlet |    632 |    632 |      0 |    124 |     49 |   1 |  632.0 |
               +--------+--------+--------+--------+--------+-----+--------+

Top non-repeatable levels by time:
  Lair:3: 3443 daAuts
Shoals:1: 2983 daAuts
Shoals:2: 2610 daAuts
  Lair:6: 2583 daAuts
   Orc:2: 2175 daAuts
  Lair:5: 2100 daAuts
    D:12: 2052 daAuts
     D:5: 1789 daAuts
     D:6: 1748 daAuts
     D:7: 1733 daAuts
  Lair:1: 1725 daAuts
     D:9: 1673 daAuts
  Lair:2: 1613 daAuts
     D:4: 1585 daAuts
    D:10: 1491 daAuts
